Map: [ESL] Blackburn

Players

Reynor - Winner!

  • Race: Zerg Zerg

Serral

  • Race: Zerg Zerg

Event: IEM Katowice 2022

VOD

https://www.youtube.com/watch?v=yuziFgIkZYo

Description

Time

  • Played on: Feb. 27, 2022, 7:04 a.m.
  • Length: 6:18

All games in this series

Show
View Real Time Build Order
Export as new Build Order

Reynor Zerg - Winner!

Build Orders: Hatch First 

Get SALT Encoding   

  12  0:00  Drone  
  13  0:12  Overlord  
  13  0:17  Drone  
  14  0:30  Drone x2  
  16  0:47  Hatchery  
  15  0:51  Drone  
  15  0:54  Drone  
  17  0:57  Drone  
  18  1:08  Extractor  
  17  1:13  Spawning Pool  
  17  1:16  Drone  
  17  1:19  Drone  
  18  1:27  Drone  
  19  1:38  Drone  
  20  1:49  Overlord  
  20  2:00  Drone x2, Queen  
  24  2:01  Queen  
  24  2:07  Metabolic Boost  
  26  2:10  Zergling x2  
  26  2:11  Drone  
  28  2:20  Drone  
  28  2:21  Drone  
  30  2:34  Hatchery  
  29  2:37  Drone  
  29  2:40  Drone  
  31  2:45  Baneling Nest  
  31  2:47  Drone  
  31  2:53  Drone  
  31  2:54  Overlord  
  31  2:57  Zergling x2  
  33  3:03  Drone  
  33  3:05  Zergling x2  
  35  3:09  Zergling x2  
  36  3:13  Zergling x8  
  36  3:15  Zergling x2  
  41  3:26  Drone  
  42  3:29  Baneling x2  
  42  3:30  Drone x2, Evolution Chamber  
  42  3:32  Overlord  
  43  3:39  Drone  
  44  3:45  Overlord, Queen  
  47  3:55  Drone x4  
  47  3:56  Drone x2  
  47  3:58  Drone  
  47  3:59  Zergling x2  
  47  4:10  Overlord  
  47  4:16  Drone  
  47  4:17  Drone  
  47  4:18  Zergling x4  
  47  4:19  Zergling x2  
  47  4:20  Drone  
  47  4:23  Baneling x2  
  52  4:24  Drone x2  
  52  4:28  Overlord  
  54  4:38  Baneling x2  
  54  4:40  Zergling x6  
  54  4:42  Drone, Extractor  
  54  4:43  Drone  
  54  4:44  Roach Warren, Extractor  
  56  4:47  Drone  
  56  4:48  Drone x2  
  56  4:51  Drone x2  
  61  4:53  Drone  
  61  4:55  Overlord  
  61  4:57  Drone  
  62  5:01  Drone x3  
  62  5:03  Drone  
  62  5:06  Overlord  
  66  5:10  Spine Crawler  
  66  5:12  Spine Crawler  
  64  5:16  Baneling x3  
  64  5:18  Lair  
  64  5:25  Roach x4  
  64  5:28  Extractor  
  69  5:34  Roach x3  
  75  5:40  Roach  
  76  5:44  Roach  
  76  5:45  Roach x2  
  76  5:49  Roach x2  
  80  5:58  Roach  
  80  5:59  Roach  
Show
View Real Time Build Order
Export as new Build Order

Serral Zerg 

Build Orders: Hatch First 

Get SALT Encoding   

  12  0:00  Drone  
  13  0:12  Overlord  
  13  0:16  Drone  
  14  0:30  Drone x2  
  16  0:47  Hatchery  
  15  0:50  Drone  
  15  0:54  Drone  
  17  0:58  Drone  
  18  1:07  Extractor  
  17  1:13  Spawning Pool  
  17  1:15  Drone  
  17  1:19  Drone  
  18  1:27  Drone  
  19  1:38  Drone  
  20  1:53  Drone  
  21  1:59  Queen  
  21  2:00  Queen, Zergling x2  
  26  2:02  Overlord  
  26  2:10  Metabolic Boost, Drone x2  
  28  2:20  Drone  
  28  2:21  Drone  
  30  2:31  Drone  
  30  2:32  Drone  
  32  2:38  Hatchery  
  32  2:42  Zergling x2  
  32  2:46  Baneling Nest  
  32  2:49  Overlord  
  31  2:53  Drone  
  31  2:55  Drone  
  33  3:04  Drone  
  33  3:05  Zergling x2  
  35  3:08  Drone x3  
  35  3:11  Zergling x4  
  35  3:12  Zergling x2  
  41  3:19  Overlord  
  41  3:21  Zergling x2  
  42  3:28  Extractor  
  42  3:29  Roach Warren  
  42  3:32  Baneling, Evolution Chamber  
  39  3:34  Drone x2  
  39  3:38  Baneling x2  
  42  3:44  Baneling  
  42  3:45  Roach Warren  
  42  3:46  Zergling x4  
  42  3:47  Zergling x2  
  43  3:51  Baneling  
  43  3:53  Drone x2  
  43  3:58  Zergling x2  
  43  4:05  Overlord, Zergling x4  
  44  4:12  Zergling x2  
  44  4:13  Zergling x2  
  44  4:18  Overlord  
  44  4:25  Roach  
  44  4:26  Roach x3  
  52  4:35  Baneling  
  54  4:38  Roach x3  
  58  4:46  Roach x2  
  58  4:50  Roach x2  
  66  4:59  Zergling x10  
  69  5:02  Zergling x2  
  70  5:08  Baneling x5  
  70  5:13  Zergling x6  
  73  5:16  Baneling x2  
  73  5:26  Zergling x4  
  68  5:45  Zergling x18  
  68  5:49  Zergling x2  
  72  5:50  Zergling x2  
  72  5:54  Zergling x2  
  72  5:56  Zergling x2  
  63  5:59  Zergling x2  
  63  6:00  Zergling x2  

Tags
 
Add a new tag
Caveats
  • Supply blocks, unpowered buildings, or Contaminate may cause inaccurate times.
  • Supply counts are checked every 10 seconds.